 BcadrenCrawl: Boulder Brew version 0.05.21-81-gd28e3044bd (webtiles) character file.

Game seed: 12894495947814239213, levelgen mode: deterministic

10 theanonym the Ducker (level 2, -2/22 HPs) Mummified Minotaur. Began on Sept 6, 2021. Slain by a leopard gecko (5 damage) ... on level 1 of the Dungeon. The game lasted 00:00:16 (122 turns).

theanonym the Ducker (Minotaur Mummy)                Turns: 122, Time: 00:00:16

Health: -2/22      AC:  3    Str: 15    XL:     2 ^: 26
Magic:  3/3        EV: 11    Int: 16    God:
Gold:   0          SH:  0    Dex:  4    Spells: 4/5 levels left

rFire    x . .     Vision   .   a - +0 hatchet
rCold    + . .     Gourm    .   (no weapon)
rNeg     + + +     Faith    .   b - +0 leather armour
rCorr    . . .     Spirit   .   (helmet restricted)
rPois    ∞         Reflect  .   (no cloak)
rElec    .         Harm     .   (no gloves)
MR       .....                  (no boots)
Stlth    +.........             (no amulet)
HPRegen  0.17/turn              (no ring)
MPRegen  0.13/turn              (no ring)

@: no status effects
A: horns, retaliatory headbutt 2, cold resistance 1, negative energy resistance
3, torment resistance, unbreathing, heat vulnerability 1, in touch with death 1,
ancient wisdom
a: no special abilities


Innate Abilities, Weirdness & Mutations

You are immune to poison.
You reflexively attack those that strike you in melee with your horns.
You are cold resistant. (rC+)
You are immune to negative energy. (rN+++)
You are immune to unholy pain and torment.
You can survive without breathing.
You are vulnerable to heat. (rF-)
You are in touch with the powers of death.
You can memorise 50% more levels worth of spells.
You gain random stats at level up more slowly, but gain an extra +1 intelligence each time.


   Skills:
 + Level 0.7 Fighting
 * Level 2.8 Axes & Hammers
 + Level 0.6 Armour
 - Level 3.2 Dodging
 - Level 1.5 Stealth
 - Level 1.4 Spellcasting
 - Level 2.1 Necromancy


You had 4 spell levels left.
You knew the following spells:

 Your Spells              Type           Power        Failure   Level  Hunger
a - Pain                  Hex/Necr       6 (25)       16%         1    N/A

Your spell library contained the following spells:

 Spells                   Type           Power        Failure   Level  Hunger
 Vampiric Draining        Necr           12 (200)     30%         3    N/A
 Pryten's Skeletal Upris  Chrm/Necr      6 (200)      43%         3    N/A
 Animate Dead             Necr           N/A          69%         4    N/A
 Regeneration             Chrm/Necr      Unusable     N/A         3    N/A

Action                   || total
-------------------------++-------
Melee: Hatchet           ||    22
       Unarmed           ||    21
Armor: Leather armour    ||     1
Dodge: Dodged            ||    18

Inventory:

Weapons
 a - a +0 hatchet (weapon)
Armour
 b - a +0 leather armour (worn)
Scrolls
 t - 3 scrolls of teleportation


You were on level 1 of the Dungeon.
You were not hungry.

You visited 1 branch of the dungeon, and saw 1 of its levels.

Dungeon Overview and Level Annotations

Branches:
Dungeon (1/8)

Altars:

......# ######
..!...###....# ##
.....†)...##.# ##### ..
......###.##.###...####.#..
#####.###.#....#.#.#..≈≈...
...............?......≈>≈.#
..###.#####......#...#≈#≈..
#^###..................#
....#..###...###@...####
⌠.8.#...#......l###+###
....#.####.##.........#
≈≈≈≈#.# #. #...).....#
≈≈≈≈#.# # #...?.....# ≈≈≈≈#
.....#####?# ≈≈≈≈# ......#
# ≈≈≈≈# ........# ≈≈≈≈#
........#


You could see a leopard gecko.

Notes
Turn   | Place    | Note
-------+----------+-------------------------------------------
     0 | D:1      | theanonym the Minotaur Mummy began the quest for the Orb.
     0 | D:1      | Reached XP level 1. HP: 14/14 MP: 1/1
    29 | D:1      | HP: 7/14 [hobgoblin/+0 club (3)]
   109 | D:1      | HP: 4/14 [kobold/+0 short sword (4)]
   115 | D:1      | HP: 4/14 [cinder newt (1)]
   118 | D:1      | Reached XP level 2. HP: 7/22 MP: 3/3
   121 | D:1      | HP: 3/22 [leopard gecko (5)]
   122 | D:1      | Slain by a leopard gecko

Vanquished Creatures
  A cinder newt (D:1)
  A goblin (D:1)
  A hobgoblin (D:1)
  A kobold (D:1)
4 creatures vanquished.

Table legend:
 A = Turns spent in this place as a percentage of turns spent in the entire game.
 B = Non-inter-level travel turns spent in this place as a percentage of non-inter-level travel turns spent in the entire game.
 C = Inter-level travel turns spent in this place as a percentage of turns spent in this place.
 D = Turns resting spent in this place as a percentage of non-inter-level travel turns spent in this place.
 E = Turns spent auto-exploring this place as a percentage of non-inter-level travel turns spent in this place.
 F = Non-inter-level travel turns spent in this place divided by the number of levels of this place that you've seen.
                   A       B       C       D       E      F
               +-------+-------+-------+-------+-------+----------------------
         Total | 100.0 | 100.0 |   0.0 |  37.7 |  39.3 | 122.0
       Dungeon | 100.0 | 100.0 |   0.0 |  37.7 |  39.3 | 122.0
               +-------+-------+-------+-------+-------+----------------------
